[Event "XTX Markets London Masters 2024"]
[Site "London"]
[Date "2024.11.30"]
[Round "3.1"]
[White "Sadhwani, Raunak"]
[Black "Wadsworth, Matthew J"]
[Result "1/2-1/2"]
[ECO "D12"]
[WhiteElo "2677"]
[BlackElo "2461"]
[Annotator "TA"]
[PlyCount "33"]
[EventDate "2024.11.28"]
[EventType "swiss"]
[EventCountry "ENG"]
[SourceTitle "playchess.com"]
[Source "ChessBase"]
[SourceQuality "1"]
[TimeControl "40/5400+30:1800+30"]

1. d4 d5 2. c4 c6 3. Nf3 Nf6 4. e3 Bf5 5. Nc3 e6 6. Nh4 Be4 7. f3 Bg6 8. Bd2 Nbd7 9. Nxg6 hxg6 {[%emt 0:03:31] White has an edge.} 10. Qb3 Qb6 11. Kf2 Qxb3 12. axb3 a6 13. g4 g5 14. Kg2 Bd6 15. cxd5 ({White should play} 15. Be1 $14) 15... Nxd5 $11 16. h3 f6 17. Bd3 {[%emt 0:06:13] Weighted Error Value: White=0.19 (very precise) /Black=0.13 (very precise) .  Mistake:       	White=1     	---        Inaccurate:     	White=1     	Black=2      OK:         	White=2     	Black=2} 1/2-1/2

[Event "XTX Markets London Masters 2024"]
[Site "London"]
[Date "2024.11.30"]
[Round "3.2"]
[White "Zhang, Pengxiang"]
[Black "Korneev, Oleg"]
[Result "1/2-1/2"]
[ECO "C67"]
[WhiteElo "2567"]
[BlackElo "2459"]
[Annotator "TA"]
[PlyCount "48"]
[EventDate "2024.11.28"]
[EventType "swiss"]
[EventCountry "ENG"]
[SourceTitle "playchess.com"]
[Source "ChessBase"]
[SourceQuality "1"]
[TimeControl "40/5400+30:1800+30"]

1. e4 e5 2. Nf3 Nc6 3. Bb5 Nf6 4. O-O Nxe4 5. Re1 Nd6 6. Nxe5 Be7 7. Bf1 Nxe5 8. Rxe5 O-O 9. d4 Ne8 10. Nc3 {[%emt 0:14:24][%cal Bb1c3,Bc3e2,Be2c1][%mdl 32] Black is weak on the light squares} Bf6 11. Re1 d5 12. Bf4 c6 13. Ne2 g6 14. c3 Ng7 15. Nc1 Bf5 16. a4 Re8 17. Rxe8+ Qxe8 18. a5 a6 19. Nd3 Bxd3 20. Qxd3 Ne6 21. Bd2 Bg5 22. Be1 Qd7 {[%emt 0:00:55] The position is equal.} 23. g3 Re8 24. b4 Nc7 {[%emt 0:03:08] An uneventful encounter.   Weighted Error Value: White=0.04 (flawless) /Black=0.04 (flawless) .  OK:         	White=6     	Black=5      Best:        	---       	Black=1} 1/2-1/2

[Event "XTX Markets London Masters 2024"]
[Site "London"]
[Date "2024.11.30"]
[Round "3.4"]
[White "Roberson, Peter T"]
[Black "Harvey, Marcus R"]
[Result "0-1"]
[ECO "B13"]
[WhiteElo "2432"]
[BlackElo "2491"]
[Annotator "RC"]
[PlyCount "174"]
[EventDate "2024.11.28"]
[EventType "swiss"]
[EventCountry "ENG"]
[SourceTitle "playchess.com"]
[Source "ChessBase"]
[SourceQuality "1"]
[TimeControl "40/5400+30:1800+30"]

1. e4 c6 2. d4 d5 3. exd5 cxd5 4. Bd3 Nc6 5. c3 Nf6 6. Bf4 Bg4 7. Qb3 Qd7 8. Nd2 e6 9. Ngf3 Bd6 10. Bxd6 Qxd6 11. O-O O-O 12. Rfe1 Bxf3 13. Nxf3 Rfb8 14. a4 Qc7 15. Qc2 a6 16. Qe2 Re8 17. Rad1 Qe7 18. Bc2 Reb8 19. Ne5 Nxe5 20. dxe5 Nd7 21. Rd4 g6 22. h4 b5 23. axb5 axb5 24. Rb4 Ra5 25. Qg4 Rba8 26. Kh2 Ra1 27. Rxa1 Rxa1 28. Qe2 Qd8 29. Qe3 Nb6 30. Qf4 Qc7 31. Rxb5 Nd7 32. h5 Qxe5 33. Qxe5 Nxe5 34. hxg6 hxg6 35. Kg3 Kg7 36. f4 Rc1 37. fxe5 Rxc2 38. Kf3 Rc1 39. Kf2 g5 40. g4 Rc2+ 41. Kf3 Rh2 42. Rb8 Rh3+ 43. Kf2 Rd3 44. Rb4 Kg6 45. Rb6 Rh3 46. Rb8 Kg7 47. Rb6 Rh8 48. Ke3 Kg6 49. Rb4 Rh1 50. Kf2 Rh4 51. Kf3 Rh3+ 52. Kf2 f5 53. exf6 Kxf6 54. Kg2 Re3 55. Kf2 Rd3 56. Rd4 Rh3 57. Kg2 Rh8 58. Rd2 Ke5 59. Kg3 Rh1 60. Re2+ Kd6 61. Rd2 e5 62. Rf2 Rg1+ 63. Kf3 e4+ 64. Ke3 Rg3+ 65. Ke2 Rxg4 66. Rf8 Rg2+ 67. Ke3 Rxb2 68. Rd8+ Ke5 69. Re8+ Kf5 70. Rd8 Rb5 71. Rg8 Kg4 72. Kd4 Rb7 73. Rd8 Re7 74. Ke3 Re5 75. Ra8 Rf5 76. Kd4 Kf4 77. Ra1 g4 78. Rf1+ Kg5 79. Rg1 Kh4 80. c4 dxc4 81. Kxe4 Rf8 82. Rh1+ Kg3 83. Rc1 Kh2 84. Rxc4 g3 85. Rc7 g2 86. Rh7+ Kg3 87. Rg7+ Kf2 0-1

[Event "XTX Markets London Masters 2024"]
[Site "London"]
[Date "2024.11.30"]
[Round "3.5"]
[White "Barnaure, Vlad-Victor"]
[Black "Goh, Jinghan Cameron"]
[Result "0-1"]
[ECO "D42"]
[WhiteElo "2480"]
[BlackElo "2017"]
[Annotator "RC"]
[PlyCount "120"]
[EventDate "2024.11.28"]
[EventType "swiss"]
[EventCountry "ENG"]
[SourceTitle "playchess.com"]
[Source "ChessBase"]
[SourceQuality "1"]
[TimeControl "40/5400+30:1800+30"]

1. d4 Nf6 2. Nf3 d5 3. c4 e6 4. Nc3 c5 5. cxd5 Nxd5 6. e3 Be7 7. Bd3 Nc6 8. O-O O-O 9. a3 cxd4 10. exd4 Bf6 11. Be3 Bd7 12. Ne4 Nce7 13. Qe2 Bc6 14. Rad1 Qc7 15. Nxf6+ gxf6 16. Nh4 Ng6 17. Qh5 Ndf4 18. Bxf4 Qxf4 19. d5 Bxd5 20. Rfe1 Qg5 21. Qxg5 fxg5 22. Nxg6 hxg6 23. Be4 Bxe4 24. Rxe4 Rfd8 25. Red4 Rxd4 26. Rd2 Rd3 27. Rxd3 Rc8 28. Rd4 Rc3 29. g4 Rc2 30. b4 Rc3 31. a4 Rb3 32. b5 Ra3 33. Rc4 b6 34. Kg2 Kf8 35. Rc8+ Kg7 36. Rc4 Kf6 37. h3 Ke5 38. Rc7 Rxa4 39. Rxf7 Rb4 40. Rxa7 Rxb5 41. Rg7 Kf6 42. Rb7 Rb3 43. Rb8 b5 44. Rf8+ Ke7 45. Rg8 Kf7 46. Rb8 b4 47. Rb5 Kf6 48. Kh2 Rb1 49. Kg2 b3 50. Kh2 Ke7 51. Kg2 Kd6 52. Rxg5 Kc6 53. Rxg6 Re1 54. Rg8 b2 55. Rb8 b1=Q 56. Rxb1 Rxb1 57. Kg3 Kd5 58. Kf4 Rh1 59. g5 Rxh3 60. g6 Rh2 0-1

[Event "XTX Markets London Masters 2024"]
[Site "London"]
[Date "2024.11.30"]
[Round "3.6"]
[White "Fier, Alexandr"]
[Black "Tanmay Chopra"]
[Result "1-0"]
[ECO "E48"]
[WhiteElo "2544"]
[BlackElo "2361"]
[Annotator "RC"]
[PlyCount "97"]
[EventDate "2024.11.28"]
[EventType "swiss"]
[EventCountry "ENG"]
[SourceTitle "playchess.com"]
[Source "ChessBase"]
[SourceQuality "1"]
[TimeControl "40/5400+30:1800+30"]

1. d4 Nf6 2. c4 e6 3. Nc3 Bb4 4. e3 O-O 5. Bd3 d5 6. cxd5 exd5 7. a3 Bd6 8. Qc2 b6 9. Nb5 Ba6 10. Nxd6 Bxd3 11. Qxd3 Qxd6 12. Nf3 a5 13. O-O a4 14. Bd2 Nbd7 15. Rfd1 Rfc8 16. Rac1 Ne4 17. Be1 c6 18. Rc2 b5 19. Rdc1 Nb6 20. Ne5 Nc4 21. f3 Nf6 22. Bc3 Nd7 23. Nxc4 bxc4 24. Qd1 Nf8 25. Re2 Qg6 26. Qd2 Ne6 27. Kh1 Rd8 28. Rce1 h6 29. Qc1 Rab8 30. e4 Qg5 31. Qc2 Rb3 32. exd5 cxd5 33. g3 Qf6 34. f4 g6 35. Re5 Ng7 36. Qg2 Rb5 37. Bb4 Qb6 38. Qh3 Rxb4 39. axb4 Qxd4 40. Qxh6 Qxb2 41. f5 gxf5 42. Rxf5 a3 43. Qg5 Rc8 44. Rff1 Qd4 45. Rf4 Qc3 46. Ref1 a2 47. Qxd5 Rf8 48. Qa5 Qb3 49. R4f2 1-0

[Event "XTX Markets London Masters 2024"]
[Site "London"]
[Date "2024.11.30"]
[Round "3.7"]
[White "Czopor, Maciej"]
[Black "Hera, Imre Jr."]
[Result "1/2-1/2"]
[ECO "B12"]
[WhiteElo "2383"]
[BlackElo "2522"]
[Annotator "RC"]
[PlyCount "61"]
[EventDate "2024.11.28"]
[EventType "swiss"]
[EventCountry "ENG"]
[SourceTitle "playchess.com"]
[Source "ChessBase"]
[SourceQuality "1"]
[TimeControl "40/5400+30:1800+30"]

1. e4 c6 2. d4 d5 3. e5 Bf5 4. h4 h5 5. Bd3 Bxd3 6. Qxd3 Qa5+ 7. Nd2 e6 8. Ngf3 Ne7 9. O-O Nf5 10. Nb3 Qa6 11. Qd1 Be7 12. Bg5 Bxg5 13. hxg5 Nd7 14. g6 fxg6 15. Ng5 Ke7 16. Qd2 Qb6 17. a4 a5 18. Rfd1 Rhf8 19. Nc1 c5 20. Ne2 Nxd4 21. Nxd4 cxd4 22. Nf3 Kf7 23. Qg5 Qd8 24. Qg3 Nc5 25. Rxd4 Qe7 26. Nh4 g5 27. Qf3+ Ke8 28. Qxh5+ Qf7 29. Qxf7+ Rxf7 30. Nf3 Rf4 31. b3 1/2-1/2

[Event "XTX Markets London Masters 2024"]
[Site "London"]
[Date "2024.11.30"]
[Round "3.8"]
[White "Fodor, Tamas Jr."]
[Black "Wells, Peter K"]
[Result "0-1"]
[ECO "D31"]
[WhiteElo "2518"]
[BlackElo "2351"]
[Annotator "TA"]
[PlyCount "100"]
[EventDate "2024.11.28"]
[EventType "swiss"]
[EventCountry "ENG"]
[SourceTitle "playchess.com"]
[Source "ChessBase"]
[SourceQuality "1"]
[TimeControl "40/5400+30:1800+30"]

1. d4 d5 2. c4 e6 3. Nc3 c6 4. e4 dxe4 5. Nxe4 Bb4+ 6. Bd2 Qxd4 7. Bxb4 Qxe4+ 8. Be2 Nd7 9. Qd6 a5 10. Bc3 Ne7 11. Nf3 c5 12. Rd1 Ra6 13. Qd2 O-O 14. O-O f6 15. Bd3 Qg4 16. Bxa5 e5 17. Rfe1 Ng6 18. h3 Qh5 19. Be4 Nf4 20. g3 Nxh3+ 21. Kg2 f5 $2 (21... Kh8 $11 22. Rh1 Qg4 23. Bxh7 Nb8 (23... Qxc4 $2 24. Rxh3 Qe6 25. Rdh1 $18)) 22. Bd5+ $18 Kh8 23. Rh1 $2 (23. Nxe5 $16 {is necessary to keep the advantage.} Nxf2 24. Kxf2) 23... e4 $1 $17 24. Nh4 {[%emt 0:03:22] [#]} Rxa5 ({Better is} 24... Ng5 $1 {[%cal Og5f3][%mdl 512] Hoping for ...Nf3!} 25. Bc3 Nf6 (25... Rxa2 $2 26. Bxg7+ Kxg7 27. Nxf5+ Rxf5 28. Rxh5 $18)) 25. Rxh3 $2 (25. Qxa5 $17 Nf4+ 26. gxf4 Qg4+ 27. Kf1 Qxd1+ 28. Kg2 Qg4+ 29. Kf1) 25... Ra6 $1 $19 (25... Rxa2 26. Be6 Nf6 27. Qd8 $11) 26. Rhh1 g5 (26... Rxa2 27. Be6 Nf6 28. Qd8 $14) 27. Bxb7 Bxb7 28. Qxd7 Qf7 $2 (28... gxh4 $19 29. Rxh4 Qf7) 29. Qxf7 $11 Rxf7 30. Rd8+ Kg7 31. Nxf5+ $1 Rxf5 32. Rd7+ Kg6 (32... Rf7 $2 33. Rxh7+ Kxh7 34. Rxf7+ Kg6 35. Rxb7 $18) 33. Rxb7 Raf6 34. Rhxh7 $2 (34. Rf1 $11 {and White stays safe.}) 34... Rxf2+ $19 35. Kh3 Kf5 36. g4+ {[%emt 0:02:46] [#]} (36. Rbg7 $19 e3 (36... Rxb2 $2 37. Rh5 $19) 37. Rh5) 36... Ke5 $1 (36... Kf4 37. Rhf7 Ke5 38. Rxf6 Rxf6 (38... Kxf6 39. Rd7 $11) 39. Kg2 $19) 37. Rb3 R2f3+ (37... Kf4 $142 38. Rg3 Rf3 (38... Rxb2 $2 39. Rg2 $19) 39. Rxf3+ Kxf3 40. Kh2 e3 (40... Kxg4 $2 41. Kg2 $19) 41. Kg1 e2 (41... Kxg4 $2 42. Kg2 $19) 42. Re7 Rf4 (42... Kxg4 43. Rxe2 Rd6 44. Kg2 $11) 43. Re8 Rd4 (43... Rxc4 44. Kh2 Re4 45. Rf8+ Kxg4 46. Kg2 e1=Q 47. Rf2 Kh4 48. Rf1 Re2+ 49. Kg1 Qg3+ 50. Kh1 Qh2#) 44. Kh2 Re4 (44... Rxg4 45. b4 Kf2 46. Rf8+ Rf4 47. Rxf4+ gxf4 48. Kh3 e1=Q 49. Kg4 f3 50. bxc5 Kg2 51. c6 f2 52. c7 f1=Q 53. c8=Q Qg3+ 54. Kh5 Qh1+ 55. Qh3+ Qhxh3#) 45. Rf8+ Kxg4 (45... Ke3 46. Kg2 e1=Q 47. Rf3+ Ke2 48. Rg3 Qf2+ 49. Kh1 Qxg3 50. b3 Qh4+ 51. Kg2 Rxg4#) 46. Kg1 Kg3 (46... e1=B $2 47. Rd8 $19) (46... e1=Q+ 47. Rf1 Kg3 48. a4 Qe3+ 49. Rf2 Qxf2+ 50. Kh1 Rh4#) 47. Rf5 e1=Q+ (47... e1=B $2 48. Rxg5+ Kf3 49. Rf5+ Ke2 50. b3 $19) 48. Rf1 Qe3+ 49. Rf2 Qxf2+ 50. Kh1 Rh4#) 38. Kg2 $19 Rxb3 39. axb3 {[%emt 0:00:01] [#]} e3 $1 40. b4 cxb4 41. c5 Kd4 42. Re7 Rf2+ (42... Kxc5 43. Rxe3 Kd4 44. Rb3 $17) (42... b3 $142 43. Re8 Kd3 (43... Kxc5 44. Rxe3 Kc4 45. Rc3+ Kb4 46. Rc8 $11) (43... Rf2+ $2 44. Kg3 $19) 44. Rd8+ Kc2) 43. Kg3 $19 Rxb2 ({And not} 43... Kxc5 44. Rxe3 Rd2 (44... Rxb2 45. Re5+ Kc4 46. Rxg5 $11) 45. Re5+ Rd5 46. Re4 $11) 44. c6 Rc2 45. Kf3 Rxc6 46. Re4+ Kc5 47. Kxe3 b3 48. Kd2 b2 49. Re5+ Kc4 50. Re1 Kb3 0-1

[Event "XTX Markets London Masters 2024"]
[Site "London"]
[Date "2024.11.30"]
[Round "3.10"]
[White "Ghasi, Ameet K"]
[Black "Yoon, Jacob D"]
[Result "1-0"]
[ECO "A07"]
[WhiteElo "2503"]
[BlackElo "2270"]
[Annotator "TA"]
[PlyCount "127"]
[EventDate "2024.11.28"]
[EventType "swiss"]
[EventCountry "ENG"]
[SourceTitle "playchess.com"]
[Source "ChessBase"]
[SourceQuality "1"]
[TimeControl "40/5400+30:1800+30"]

1. Nf3 d5 2. g3 Bg4 3. Bg2 Nd7 4. O-O Ngf6 5. d3 c6 6. Qe1 e5 7. h3 Bh5 8. Nh4 Bg6 9. Nd2 Bc5 10. e4 dxe4 11. Nxg6 hxg6 12. dxe4 b5 13. a4 a6 14. Nb3 Bb6 15. axb5 axb5 (15... cxb5 $11 {keeps the balance.} 16. Qb4 Qc7) 16. Rxa8 $16 Qxa8 17. Qb4 Qa6 18. Qd6 $1 Bd8 19. Be3 Be7 20. Qd2 c5 21. Ra1 Qc6 {[%emt 0:00:01] [#]} 22. c4 (22. g4 $1 $16 ) 22... O-O (22... b4 $1 $14) 23. Na5 $16 Qb6 24. cxb5 Qxb5 25. Bf1 Qb6 26. b4 Nb8 27. b5 Nxe4 {[%emt 0:06:23] [#]} 28. Qd5 $1 Ng5 (28... Nf6 $142 29. Qb3 (29. Qxe5 Re8 $18) 29... e4) 29. Nc4 $18 (29. Qxe5 $2 Nf3+ 30. Kg2 Nxe5 $19) 29... Qe6 30. Qxe6 (30. Qxe5 $2 Nf3+ (30... Nxh3+ $2 31. Bxh3 Qxc4 32. Qxe7 $18) 31. Kh1 Nxe5 $19) 30... Nxe6 31. Ra7 ({Resist} 31. Nxe5 $6 Bf6 $16) 31... Bf6 32. Nd6 Rd8 33. Nxf7 Rd1 34. Kg2 Rd7 35. Rxd7 ({Better is} 35. Ra8 $18 {Ng5 would now be deadly.} Kxf7 36. Rxb8) 35... Nxd7 $16 36. Nd6 Nd4 37. Bd3 Kf8 38. Bxg6 Be7 39. Nc4 (39. Bf5 Nb6 40. Nc8 Nxc8 41. Bxc8 Nxb5) 39... Nxb5 40. Bf5 Ke8 41. h4 Nd6 {[%emt 0:09:04] [#]} (41... Kd8 $16 42. Be6 e4) 42. Bxd7+ $1 $18 Kxd7 43. Nxe5+ Ke6 44. Ng6 c4 45. Nxe7 Kxe7 46. Kf3 Ke6 47. h5 $2 (47. Bc5 $18) 47... Kd5 $2 ({Black should try} 47... c3 $1 $14) 48. Ke2 $2 (48. g4 $18 {is the precise move to win.}) 48... Nb5 $2 (48... Ne4 $16 {was worth a try.}) 49. g4 $18 Nc3+ 50. Kf3 Nd1 $2 (50... Ke5 51. Bc5 Nd1) 51. Bc1 $2 (51. g5) 51... c3 52. Ke2 Nb2 53. f3 (53. Be3 $142) 53... Kd4 $2 (53... Ke6 54. Bf4 c2) 54. Be3+ $18 Kd5 55. f4 $2 (55. g5 $18 {h6 would kill now.} Ke5 56. g6) 55... c2 $11 56. Bc1 (56. g5 $5 Nc4 $8 57. Bc1 $11) 56... Na4 $2 (56... Ke4 $11) 57. Kd3 $18 Nc5+ 58. Kxc2 Ke4 59. f5 Nd3 60. g5 Ne5 61. f6 gxf6 62. g6 Nc6 63. g7 Ne7 64. h6 1-0

[Event "XTX Markets London Masters 2024"]
[Site "London"]
[Date "2024.11.30"]
[Round "3.11"]
[White "Badacsonyi, Stanley"]
[Black "Gonzalez Garcia, Jose"]
[Result "1/2-1/2"]
[ECO "E52"]
[WhiteElo "2298"]
[BlackElo "2465"]
[Annotator "ChessBase"]
[PlyCount "34"]
[EventDate "2024.11.28"]
[EventType "swiss"]
[EventCountry "ENG"]
[SourceTitle "playchess.com"]
[Source "ChessBase"]
[SourceQuality "1"]
[TimeControl "40/5400+30:1800+30"]

1. d4 Nf6 2. c4 e6 3. Nc3 Bb4 4. e3 O-O 5. Bd2 d5 6. Nf3 b6 7. Bd3 Bb7 8. cxd5 exd5 9. O-O Re8 10. Ne5 c5 11. a3 Bxc3 12. Bxc3 Ba6 13. dxc5 bxc5 14. Re1 Qd6 15. Bxa6 Nxa6 16. Nc4 Qe6 17. Bxf6 dxc4 1/2-1/2

[Event "XTX Markets London Masters 2024"]
[Site "London"]
[Date "2024.11.30"]
[Round "3.12"]
[White "Efroimski, Marsel"]
[Black "Pert, Max"]
[Result "0-1"]
[ECO "B15"]
[WhiteElo "2397"]
[BlackElo "2076"]
[Annotator "TA"]
[PlyCount "82"]
[EventDate "2024.11.28"]
[EventType "swiss"]
[EventCountry "ENG"]
[SourceTitle "playchess.com"]
[Source "ChessBase"]
[SourceQuality "1"]
[TimeControl "40/5400+30:1800+30"]

1. e4 c6 2. d4 d5 3. Nc3 dxe4 4. Nxe4 Nf6 5. Nxf6+ exf6 6. c3 Bf5 7. Ne2 g6 8. Ng3 {[%emt 0:01:08] Nxf5 would now be deadly.} Be6 9. Be3 Bg7 10. Qd2 O-O 11. Bd3 Re8 12. O-O Nd7 13. Ne4 Nb6 14. Bf4 Bf8 15. Nc5 Bxc5 16. dxc5 Nc4 17. Qc2 Nxb2 18. Bxg6 hxg6 19. Qxb2 b5 20. Rad1 Bd5 21. Rd2 (21. f3 $15 {feels stronger.}) 21... Kg7 ({Black should try} 21... Qe7 $17 {[%cal Od5c4] ...Bc4! would now be deadly.} 22. Bd6 Qe6) 22. Rfd1 (22. Be3 $15) 22... Qe7 $17 {[%emt 0:03:33][%cal Oe7e1] ( -> ...Qe1+!)} 23. f3 Qxc5+ 24. Kh1 Re6 25. Qb4 Qxb4 26. cxb4 a5 27. a3 axb4 (27... a4 $142 28. h4 Rh8) 28. axb4 Ra4 29. Rb2 g5 30. Bg3 f5 $36 {[%emt 0:00:16][%mdl 2048] White is under strong pressure.} 31. h3 f4 32. Bf2 f5 33. Kg1 {[%emt 0:00:00] [#]} g4 $1 {[%emt 0:00:58][%mdl 512] Black is more active.} 34. hxg4 (34. Rf1 gxh3) 34... fxg4 35. fxg4 {[%emt 0:00:00] [#]} Rg6 $1 36. Bc5 Rxg4 37. Kf1 (37. Bd6 $142) 37... Ra3 38. Rf2 (38. Bd6 {is a better defense.}) 38... Rag3 (38... f3 $19 39. g3 Rxg3) 39. Bd6 (39. Rd4 $17) 39... Rxg2 (39... Bxg2+ $19 40. Ke2 Re3+ 41. Kd2 Re4) 40. Rxf4 $2 (40. Rxg2 $17 Bxg2+ 41. Kf2) 40... Rg1+ $19 41. Ke2 R4g2+ 0-1

[Event "XTX Markets London Masters 2024"]
[Site "London"]
[Date "2024.11.30"]
[Round "3.13"]
[White "Smirin, Ilia"]
[Black "Tashkinova, Sofiia"]
[Result "1-0"]
[ECO "A08"]
[WhiteElo "2574"]
[BlackElo "2066"]
[Annotator "TA"]
[PlyCount "61"]
[EventDate "2024.11.28"]
[EventType "swiss"]
[EventCountry "ENG"]
[SourceTitle "playchess.com"]
[Source "ChessBase"]
[SourceQuality "1"]
[TimeControl "40/5400+30:1800+30"]

1. e4 e6 2. d3 c5 3. Nf3 d5 4. Qe2 Nc6 5. g3 g6 6. Bg2 dxe4 7. dxe4 Bg7 8. c3 Nge7 9. O-O Qc7 10. Na3 a6 11. Be3 b6 {[%emt 0:03:52] White is better.} 12. Rfd1 O-O 13. Nc4 e5 14. a4 {[%emt 0:09:29][%cal Ob2b4] White has more active pieces.} Be6 15. Ng5 {[%emt 0:01:11] aiming for Nxe6.} Bxc4 16. Qxc4 Na5 17. Qe2 c4 {[%emt 0:05:03] [#]} (17... Nc8 $142) 18. Bh3 $1 $16 {[%emt 0:01:38][%cal Bg2h3,Bh3d7,Bd7e6,Be6f7][%mdl 32] Rd7 is the strong threat.} Qc6 (18... Rad8 $16 19. Rxd8 Rxd8) 19. Rd7 $18 Nc8 20. Qf3 Ra7 $2 {[%emt 0:09:46] A mistake that costs the game.} (20... Nd6 $16) 21. Rad1 Rxd7 22. Bxd7 Qc7 {[%emt 0:07:05] [#]} 23. Nxf7 Nd6 {[%emt 0:03:59] [#]} (23... Rxf7 {was worth a try.} 24. Be6 Nc6 (24... Nd6 $2 25. Rxd6 Bf8 26. Rxb6 $18)) 24. Be6 $1 Nxf7 25. Rd7 Qc6 26. Bxf7+ {[%emt 0:01:18] This pair of bishops is nice.} Kh8 27. Qg4 Nb7 (27... Nb3 $142 28. Bd5 Qf6) 28. Bd5 Qxa4 29. Rxb7 Qa1+ 30. Kg2 Qxb2 31. Qd7 {[%emt 0:00:24] Weighted Error Value: White=0.19 (very precise) /Black=0.61.  Loses game:     	---       	Black=1      Mistake:       	---       	Black=4      Inaccurate:     	White=1     	Black=1      OK:         	White=11    	Black=4      Best:        	White=3     	Black=2      Strong:       	White=1     	---} 1-0

[Event "XTX Markets London Masters 2024"]
[Site "London"]
[Date "2024.11.30"]
[Round "3.14"]
[White "Van Zyl-Rudd, Jack"]
[Black "Petrov, Martin"]
[Result "0-1"]
[ECO "E59"]
[WhiteElo "2268"]
[BlackElo "2548"]
[Annotator "TA"]
[PlyCount "44"]
[EventDate "2024.11.28"]
[EventType "swiss"]
[EventCountry "ENG"]
[SourceTitle "playchess.com"]
[Source "ChessBase"]
[SourceQuality "1"]
[TimeControl "40/5400+30:1800+30"]

1. d4 Nf6 2. c4 e6 3. Nc3 Bb4 4. e3 O-O 5. Bd3 d5 6. Nf3 c5 7. O-O Nc6 8. a3 Bxc3 9. bxc3 dxc4 10. Bxc4 Qc7 11. Qe2 Rd8 12. Bb2 e5 13. Rfd1 (13. h3 $11) 13... Bg4 $1 $15 {[%emt 0:19:21] aiming for ...e4.} 14. h3 Bh5 15. g4 {[%emt 0:01:07] [#]} (15. dxc5 $2 e4 16. Qe1 exf3 $19) 15... Nxg4 16. hxg4 Bxg4 {[%emt 0:00:04] ...e4 is the strong threat.} 17. e4 (17. dxc5 $2 e4 18. Qf1 Bxf3 $19 (18... exf3 $2 19. Kh1 $19)) (17. Bd3 $15 Re8 18. Be4 (18. dxc5 $2 e4 $19) (18. Bxh7+ Kh8 $15)) 17... exd4 $19 18. cxd4 cxd4 (18... Qf4 $19 {has better winning chances.} 19. Rd3 Nxd4 20. Bxd4 Rxd4 21. Nxd4 (21. Rxd4 $2 Bxf3 $19) 21... Bxe2 22. Nxe2 Qxe4) 19. Rd3 {[%emt 0:02:19] [#] Now White is beyond hope.} (19. e5 $17 {was the only defense.} Bxf3 20. Qxf3 Nxe5 21. Qf4) 19... Ne5 20. Bb3 (20. Bd5 $142 Qe7 (20... Nxf3+ 21. Rxf3 Qb6 22. Kg2 $19) 21. Qd1) 20... Qb6 {[%emt 0:03:44] White must now prevent ...Qa6.} (20... Nxf3+ 21. Rxf3 Kh8 (21... Bxf3 22. Qxf3 Rd6 23. e5 $11) 22. Qd3 (22. Rxf7 $2 Qxf7 23. Bxf7 Bxe2 $19) 22... Bxf3 23. Qxf3 $15) 21. Kg2 Nxf3 (21... Bxf3+ 22. Rxf3 d3 23. Qe3 Nxf3 24. Qxb6 Nh4+ (24... axb6 25. Kxf3 Ra5 26. Rg1 $16) 25. Kg3 axb6 26. Kxh4 $11) 22. Rxf3 Qxb3 {[%emt 0:00:18] Weighted Error Value: White=1.05/Black=0.37.  Loses game:     	White=1     	---        Mistake:       	White=3     	Black=1      Inaccurate:     	---       	Black=2      OK:         	White=2     	Black=2      Best:        	---       	Black=1      Strong:       	---       	Black=1      Brilliant:      	---       	Black=1} (22... Bxf3+ 23. Qxf3 Qg6+ 24. Kf1 $11) 0-1

[Event "XTX Markets London Masters 2024"]
[Site "London"]
[Date "2024.11.30"]
[Round "3.15"]
[White "Willow, Jonah B"]
[Black "Verma, Shlok"]
[Result "1-0"]
[ECO "C02"]
[WhiteElo "2454"]
[BlackElo "2191"]
[Annotator "TA"]
[PlyCount "57"]
[EventDate "2024.11.28"]
[EventType "swiss"]
[EventCountry "ENG"]
[SourceTitle "playchess.com"]
[Source "ChessBase"]
[SourceQuality "1"]
[TimeControl "40/5400+30:1800+30"]

1. e4 e6 2. d4 d5 3. e5 c5 4. c3 Nc6 5. Nf3 Qb6 6. Bd3 Bd7 7. dxc5 Bxc5 8. O-O a5 9. Nbd2 Qc7 10. Nb3 Bb6 11. Bf4 Nge7 {[%emt 0:00:15] White is slightly better.} 12. Nbd4 Nxd4 13. cxd4 Bc6 14. Rc1 Qd7 15. Re1 Ng6 16. Bg3 (16. Bd2 $14 {might be stronger.}) 16... O-O ({Better is} 16... Bb5 $11) 17. h4 $14 Rfc8 18. h5 Nf8 {[%emt 0:00:02] [#]} (18... Ne7 $14) 19. h6 $1 $16 {[%emt 0:00:25][%mdl 512] hxg7 would now be deadly.} g6 20. Qd2 Bd8 21. Qf4 {[%emt 0:00:54] White is much more active.} Bb5 22. Bb1 ({White should play} 22. Bxb5 $16 Qxb5 23. Bh4) 22... Rxc1 $14 23. Rxc1 Rc8 24. Re1 Rc7 25. Kh2 Qc8 26. Bh4 Be8 {[%emt 0:05:13] Black is weak on the dark squares} (26... Bxh4 $14 27. Qxh4 Nd7) 27. Bd3 $16 b5 (27... Nd7 $16 {is a better defense.} 28. Re3 f6 29. exf6 Rc1) 28. Bf6 $18 b4 $2 {[%emt 0:05:49] [#]} (28... Nd7 29. Bxd8 (29. Bxb5 $2 {perishes.} Nxf6 30. Bd3 Ne4 $19) 29... Qxd8 30. Bxb5 Rb7) 29. Qg5 {[%emt 0:00:49] Weighted Error Value: White=0.12 (very precise) /Black=0.23 (precise) .  Mistake:       	White=2     	Black=5      Inaccurate:     	---       	Black=1      OK:         	White=7     	Black=10     Best:        	White=1     	---        Brilliant:      	White=1     	---} 1-0